Map: Lost and Found LE

Players

ShaDoWn - Winner!

  • Race: Protoss Protoss
  • Spawn Location: 1:00

Semper

  • Race: Terran Terran
  • Spawn Location: 7:00

Event: WCS Montreal 2018

VOD

Have the link to the VOD?

Description

Time

  • Played on: Sept. 7, 2018, 4:54 p.m.
  • Length: 12:06

All games in this series

Show
View Real Time Build Order
Export as new Build Order

ShaDoWn Protoss - Winner!

Build Orders: Cannon Rush 

Get SALT Encoding   

  1  0:00  Probe  
  12  0:05  Probe  
  14  0:17  Pylon  
  14  0:21  Probe  
  15  0:35  Probe  
  16  0:36  Forge  
  16  0:47  Probe  
  17  0:51  Pylon  
  17  1:11  Photon Cannon  
  17  1:12  Pylon  
  17  1:16  Pylon  
  17  1:24  Pylon  
  17  1:29  Pylon  
  17  1:34  Photon Cannon  
  17  1:37  Photon Cannon  
  17  1:42  Photon Cannon  
  17  1:45  Photon Cannon  
  17  1:55  Photon Cannon  
  17  1:57  Photon Cannon  
  17  2:06  Photon Cannon  
  17  2:11  Probe  
  17  2:14  Photon Cannon  
  18  2:19  Probe  
  18  2:20  Pylon  
  18  2:29  Gateway  
  19  2:34  Assimilator  
  20  2:40  Photon Cannon  
  19  2:46  Probe  
  19  2:50  Assimilator  
  20  2:54  Probe  
  19  3:02  Probe  
  19  3:12  Gateway, Probe  
  20  3:16  Cybernetics Core  
  20  3:19  Zealot  
  23  3:24  Probe  
  24  3:31  Pylon  
  24  3:37  Probe  
  25  3:42  Stalker  
  25  3:53  Warp Gate  
  25  3:54  Stalker  
  27  3:56  Twilight Council  
  23  4:20  Probe  
  19  4:32  Probe  
  20  4:44  Pylon, Probe  
  21  4:45  Blink  
  21  4:56  Probe  
  22  5:08  Probe  
  23  5:20  Probe  
  24  5:24  Nexus  
  24  5:32  Probe  
  25  5:39  Gateway  
  25  5:45  Probe  
  26  5:56  Stalker  
  28  5:57  Stalker  
  28  6:15  Probe  
  29  6:22  Stalker x2  
  33  6:30  Probe  
  34  6:36  Stalker  
  34  6:38  Probe  
  37  6:42  Probe  
  38  6:50  Robotics Facility  
  38  6:51  Probe  
  38  6:52  Charge  
  39  6:59  Probe  
  40  7:03  Probe  
  40  7:06  Stalker  
  43  7:19  Stalker x2  
  47  7:23  Probe x2  
  49  7:30  Stalker  
  49  7:33  Observer  
  51  7:40  Probe  
  51  7:43  Pylon  
  53  7:45  Probe  
  53  7:47  Sentry  
  56  7:51  Immortal  
  56  8:02  Gateway  
  60  8:07  Zealot x2  
  60  8:11  Pylon  
  60  8:12  Probe x2  
  66  8:19  Stalker  
  69  8:29  Stalker x2  
  74  8:36  Pylon  
  72  8:48  Stalker  
  72  8:53  Gateway  
  74  8:57  Stalker x2  
  74  8:58  Zealot  
  80  9:09  Pylon  
  80  9:13  Stalker  
  81  9:23  Probe  
  82  9:26  Nexus  
  82  9:27  Probe  
  83  9:40  Adept  
  83  9:41  Probe  
  83  9:43  Assimilator  
  83  9:44  Assimilator  
  86  9:47  Pylon  
  86  9:49  Pylon  
  86  9:54  Pylon  
  86  9:55  Immortal  
  84  10:04  Stalker x2  
  84  10:07  Zealot x2  
  83  10:26  Immortal  
  83  10:27  Zealot x2  
  83  10:28  Zealot x2  
  87  10:37  Zealot  
  88  10:43  Zealot x2  
  92  10:57  Zealot x3  
  92  11:00  Zealot x2  
  102  11:18  Zealot x2  
  80  11:23  Zealot  
  33  11:32  Zealot  
  33  11:47  Zealot  
  35  11:51  Zealot  
Show
View Real Time Build Order
Export as new Build Order

Semper Terran 

Build Orders: Cyclone Opening 

Get SALT Encoding   

  12  0:00  SCV  
  13  0:13  SCV  
  14  0:17  Supply Depot  
  14  0:25  SCV  
  14  0:27  Refinery  
  15  0:38  SCV  
  16  0:44  Barracks  
  16  0:50  SCV  
  17  1:02  SCV  
  18  1:17  SCV  
  19  1:31  Marine  
  20  1:34  Bunker  
  20  1:36  Factory  
  18  1:49  Marine  
  18  1:54  Orbital Command  
  17  2:07  Marine  
  18  2:26  Cyclone  
  21  2:32  Marine  
  21  2:52  Orbital Command  
  21  3:19  SCV  
  22  3:30  Refinery  
  22  3:37  Refinery  
  22  3:38  SCV  
  23  3:55  Supply Depot  
  23  4:04  Factory Tech Lab  
  23  4:15  SCV  
  23  4:17  Marine  
  21  4:27  SCV  
  21  4:30  Siege Tank  
  24  4:37  Barracks Reactor  
  22  4:39  SCV  
  23  4:51  SCV  
  24  4:56  Barracks  
  24  5:02  Siege Tank  
  24  5:04  SCV  
  28  5:14  Marine x2  
  28  5:15  Supply Depot  
  31  5:21  Bunker, SCV  
  31  5:31  Starport  
  31  5:34  Marine  
  31  5:36  Marine  
  31  5:38  SCV  
  33  5:53  Barracks Tech Lab  
  33  5:57  SCV  
  33  5:58  Marine x2  
  35  6:12  SCV  
  35  6:15  Marine  
  35  6:17  Medivac  
  39  6:30  Supply Depot  
  39  7:04  SCV, Siege Tank, Marine x2, Supply Depot  
  45  7:16  SCV  
  45  7:22  Marine  
  45  7:23  Liberator  
  45  7:26  Barracks Tech Lab  
  45  7:29  Command Center  
  45  7:42  Marine  
  49  7:48  SCV  
  50  7:51  Barracks Tech Lab  
  50  7:53  Marine  
  51  8:00  Marine  
  51  8:01  Supply Depot  
  51  8:11  Stimpack, Marine  
  52  8:15  SCV  
  53  8:23  Marine x2  
  55  8:30  Medivac  
  57  8:37  Supply Depot  
  57  8:39  Siege Tank  
  60  8:44  Marine  
  60  8:49  Marine  
  60  8:50  Marine  
  62  8:59  Supply Depot  
  62  9:02  Marine  
  62  9:07  Marine x2  
  65  9:11  Barracks  
  65  9:14  Siege Tank  
  65  9:18  Medivac  
  67  9:26  Marine  
  67  9:27  Marine  
  69  9:32  Marine  
  70  9:44  Marine x2  
  72  9:46  Siege Tank  
  72  9:49  Marine  
  76  9:59  Marine  
  73  10:02  Marine x2  
  75  10:07  Marine  
  76  10:17  Marine  
  76  10:20  Marine x2  
  77  10:25  Marine  
  78  10:35  Marine  
  74  10:38  Marine x2  
  76  10:43  Marine  
  77  10:53  Marine  
Tags
 
Add a new tag
Caveats
  • Supply blocks, unpowered buildings, or Contaminate may cause inaccurate times.
  • Supply counts are checked every 10 seconds.